[Event "*** SCC Grand Prix: Titled Tuesday Blitz"]
[Site "Chess.com"]
[Date "2020.07.07"]
[Round "6"]
[White "wonderfultime"]
[Black "aleksandrovaleksei"]
[Result "0-1"]
[WhiteElo "2979"]
[BlackElo "2670"]
[TimeControl "180+1"]
[EndTime "11:08:11 PDT"]
[Termination "aleksandrovaleksei won by resignation"]

1. d4 Nf6 2. Nf3 e6 3. Bf4 c5 4. c3 d5 5. e3 Bd6 6. Bg3 Qc7 7. Nbd2 Nbd7 8. Bd3 e5 9. dxe5 Nxe5 10. Nxe5 Bxe5 11.
O-O O-O 12. Re1 b6 13. a4 Bb7 14. a5 Rad8 15. Qa4 Bxg3 16. hxg3 Rfe8 17. Nf3 h6 18. Red1 Ne4 19. Bb5 Rf8 20. Qc2 g6 21. axb6 axb6 22. Ra7 Qb8 23. Rda1 h5 24. Bf1 Rfe8 25. Qb3 Re6 26. Qc2 Rf6 27. Bd3 Re6 28. Bxe4 dxe4 29. Ng5 Re5 30. Nh3 Red5 31. Nf4 R5d6 32. Qb3 Kg7 33. Qc4 R8d7 34. R7a2 Qd8 35. b4 cxb4 36. cxb4 h4 37. Qc3+ Kh7 38. Rf1 Qg5 39. Nh3 Qg4 40. gxh4 Qxh4 41. Qe5 Rd5 42. Qh2 Kg7 43. Raa1 Qg4 44.
Qf4 Qxf4 45. Nxf4 Rd2 46. Rfc1 Kh6 47. Rab1 g5 48. Nh3 f6 49. b5 Kg6 50. Rb4 Ra2 51.
Rbc4 Rb2 52. Rc7 Rxc7 53. Rxc7 Bd5 54. Kh2 Rxb5 55. Ng1 Rb2 56. Kg3 b5 57. Rc5 Be6 58. f3 exf3 59. Nxf3 Bc4 60. Nh2 Bd3 61. Rc6 Rxg2+ 62. Kh3 Bf5+ 63. Kxg2 Be4+ 64. Kg3 Bxc6 65. Nf1 b4 66. Nd2 Bd5 67. e4 Bf7 68. Kf3 b3 69.
Ke3 b2 70. Kd3 Ba2 71. Kc2 b1=Q+ 72. Nxb1 Bxb1+ 73. Kxb1 Kf7 74. Kc2 Ke6 75. Kd3 Ke5 76. Ke3 g4 77. Kd3 Kf4 78. Kd4 g3 79. Kd5 g2 80. e5 fxe5 0-1

[Event "*** SCC Grand Prix: Titled Tuesday Blitz"]
[Site "Chess.com"]
[Date "2020.07.07"]
[Round "6"]
[White "vovachesss"]
[Black "AnishOnYoutube"]
[Result "0-1"]
[WhiteElo "2573"]
[BlackElo "2768"]
[TimeControl "180+1"]
[EndTime "11:08:12 PDT"]
[Termination "AnishOnYoutube won by checkmate"]

1. d4 Nf6 2. Nc3 d5 3. Bf4 a6 4. e3 e6 5. Nf3 c5 6. Bd3 Nc6 7. O-O c4 8. Be2 Bb4 9. Nb1 O-O 10. Ne5 Nxe5 11. Bxe5 b5 12. Bf3 Bd6 13. Bg3 Bxg3 14. hxg3 g6 15. Nd2 Bb7 16. Qe2 Kg7 17. c3 Re8 18.
Rfe1 e5 19. dxe5 Rxe5 20. Rad1 Qe7 21. Nb1 Ne8 22. Na3 h5 23. Nc2 Nd6 24. Rd2 h4 25. gxh4 Qxh4 26. g3 Qh6 27. Qf1 Rh8 28. Qg2 Ne4 29. Rd4 Bc8 30. Nb4 Bh3 31. Qh2 Qg5 32.
Nxd5 Bf1 33. Qxh8+ Kxh8 34. Bxe4 Bh3 35. Bf3 Kg7 36. Nf4 Bf5 37. Kg2 Bg4 38. Bxg4 Qxg4 39. Rh1 Qf5 40. Rhd1 Qc2 41. R1d2 Qb1 42. a3 Re8 43. Rd7 Rh8 44. Nh3 Qe4+ 45. f3 Qxe3 46.
Nf4 Qe1 47. Nh3 a5 48. R7d6 b4 49. axb4 axb4 50. cxb4 Rb8 51. Rd1 Qe2+ 52. Nf2 Qxb2 53. R6d2 Qxb4 54. Ne4 c3 55. Rc2 Rc8 56. Rd3 Qa4 57.
Rcxc3 Rb8 58. Rd2 Rb1 59. Rcd3 Qa1 60. Kf2 Rg1 61. Ke3 Qe1+ 62. Re2 Qc1+ 63. Red2 Rf1 64.
Kf4 Qc4 65. Rd4 Qb3 66. R2d3 Qc2 67. Rd2 Qc7+ 68. Ke3 Rb1 69. Ke2 Qc6 70. Rd6 Qb5+ 71. Ke3 Qf1 72. Kf4 Rb3 73. Ng5 Qc4+ 74. Ne4 Qc7 75.
Kg4 Qc8+ 76. Kf4 Qf5# 0-1

[Event "*** SCC Grand Prix: Titled Tuesday Blitz"]
[Site "Chess.com"]
[Date "2020.07.07"]
[Round "6"]
[White "Dr-Bassem"]
[Black "maciek_92"]
[Result "1/2-1/2"]
[WhiteElo "2814"]
[BlackElo "2680"]
[TimeControl "180+1"]
[EndTime "11:08:13 PDT"]
[Termination "Game drawn - insufficient material"]

1. e4 c6 2. d4 d5 3. exd5 cxd5 4.
c4 Nf6 5. Nc3 Nc6 6. Bg5 e6 7. Nf3 Be7 8. c5 O-O 9. Bb5 Bd7 10. Rc1 Ne4 11. Bxe7 Qxe7 12. O-O a6 13. Bxc6 Bxc6 14. Re1 f6 15. b4 Qd7 16. Nd2 Nxc3 17.
Rxc3 Rae8 18. Rce3 Re7 19. f4 Rfe8 20. Nf3 Qc7 21. g3 a5 22. a3 axb4 23. axb4 Bb5 24. Qa1 Qd7 25. Qa5 h6 26. Qb6 Kf7 27. Ra3 Qc6 28.
Qa5 g5 29. fxg5 hxg5 30. Rae3 Kg7 31. h4 gxh4 32. Nxh4 Kf7 33. Qa2 e5 34. Nf5 e4 35.
Qh2 Rg8 36. Qh7+ Ke6 37. Qxg8+ Kxf5 38. Rf1+ Bxf1 39. Kxf1 Qb5+ 40. Kg2 Qd7 41. Re1 Rg7 42. Rf1+ Kg6 43. Qh8 Qe6 44. Rh1 Kf7 45. Qh5+ Ke7 46. Rf1 Qg4 47. Qxg4 Rxg4 48. b5 Rg8 49. Rc1 Rc8 50.
Kf2 Ke6 51. Ke3 Ra8 52. Kf4 Ra3 53. c6 bxc6 54. bxc6 Ra8 55. c7 Rc8 56. Rc6+ Kd7 57. Rxf6 Kxc7 58. Ke5 Re8+ 59. Kxd5 e3 60. Rf1 e2 61. Re1 Kd7 62. Kc4 Re3 63. g4 Kd6 64. g5 Ke6 65. g6 Kf6 66. d5 Kxg6 67. Kd4 Re8 68. d6 Kf6 69. Kd5 Re3 70. Kc6 Ke6 71. d7 Rc3+ 72. Kb6 Kxd7 73. Rxe2 Rc6+ 74. Kb5 Re6 75. Rxe6 Kxe6 1/2-1/2

[Event "*** SCC Grand Prix: Titled Tuesday Blitz"]
[Site "Chess.com"]
[Date "2020.07.07"]
[Round "6"]
[White "pavelalexandru07"]
[Black "bazar-wokzal"]
[Result "1/2-1/2"]
[WhiteElo "2166"]
[BlackElo "2379"]
[TimeControl "180+1"]
[EndTime "11:08:17 PDT"]
[Termination "Game drawn - insufficient material"]

1. e4 c5 2. Nf3 d6 3. d4 cxd4 4. Nxd4 Nf6 5. Nc3 g6 6. Be3 Bg7 7. Bc4 Ng4 8. Bb5+ Kf8 9. O-O a6 10. Bc4 Nc6 11. Nxc6 bxc6 12. Bd4 Ne5 13. Bb3 h5 14. h3 Rb8 15. f4 Nd7 16. Kh1 Rb4 17. Bxg7+ Kxg7 18. a3 Rb8 19. f5 Ne5 20. fxg6 fxg6 21.
Qe2 Bd7 22. Rf2 Rf8 23. Rxf8 Qxf8 24. Rf1 Qh8 25. Qxa6 Rf8 26. Qe2 Rxf1+ 27. Qxf1 Qb8 28. Qe2 Qb6 29. Kh2 Qd4 30. Qd1 Qe3 31. Qe2 Qf4+ 32. g3 Qc1 33. Nd1 h4 34. c3 hxg3+ 35. Kxg3 Qg5+ 36.
Kh2 Qf4+ 37. Kg2 Qg5+ 38. Kh2 Qf4+ 39. Kg2 c5 40. Nf2 Qg5+ 41. Kf1 Qh4 42. Qe3 c4 43. Bd1 Bc6 44. Be2 Qf6 45. Qd4 Qf4 46. Bxc4 Qc1+ 47. Kg2 Qxb2 48. Bd5 Bd7 49. Kg3 Qxa3 50. Ng4 Qc1 51.
Nxe5 Qe1+ 52. Kg2 Qe2+ 53. Kg1 Qe1+ 54. Kg2 Qe2+ 55. Kg3 Qe1+ 56. Kf4 Qh4+ 57. Ke3 Qe1+ 58. Kd3 Qf1+ 59. Kc2 Qe2+ 60. Kb3 Qb5+ 61. Ka2 Qa6+ 62. Kb2 Qb5+ 63. Bb3 Qe2+ 64. Bc2 Qb5+ 65. Kc1 Qxe5 66. Qxe5+ dxe5 67. h4 Kh6 68. Bd1 Bc6 69. Bf3 g5 70. hxg5+ Kxg5 71. Kd2 Kf4 72. Ke2 Bxe4 73. Bh5 Bd5 74.
Bg6 Bc4+ 75. Kf2 e4 76. Bh5 e3+ 77. Ke1 e5 78. Bd1 Ke4 79. Be2 Bxe2 80. Kxe2 Kd5 81. Kxe3 Kc4 82. Ke4 Kxc3 83. Kxe5 1/2-1/2

[Event "*** SCC Grand Prix: Titled Tuesday Blitz"]
[Site "Chess.com"]
[Date "2020.07.07"]
[Round "6"]
[White "malakismayil"]
[Black "Nara_Kh"]
[Result "1-0"]
[WhiteElo "2141"]
[BlackElo "2279"]
[TimeControl "180+1"]
[EndTime "11:08:19 PDT"]
[Termination "malakismayil won by checkmate"]

1. e4 c5 2. Nf3 d6 3. d4 Nf6 4.
Nc3 cxd4 5. Nxd4 a6 6. Bc4 e6 7. Be3 b5 8. Bd3 Be7 9. a3 Qc7 10. O-O O-O 11. Qe2 Nc6 12. Nxc6 Qxc6 13. h3 Bb7 14. f4 Nd7 15. Rae1 Bf6 16. Bd2 Bd4+ 17. Kh1 Nc5 18. f5 Nd7 19. Qg4 exf5 20. Rxf5 Ne5 21. Qg3 Ng6 22. Nd5 Bc8 23. Rg5 Be5 24. Qf2 Kh8 25.
c3 Be6 26. Ne3 Nf4 27. Bb1 Rae8 28. Nf5 Bxf5 29. Rxf5 Ng6 30. Rxf7 Rxf7 31. Qxf7 Rf8 32. Qd5 Qb6 33. Be3 Qd8 34. Qd2 Qh4 35. Bg1 Bf4 36. Qe2 Ne5 37. Rf1 Qe7 38. Bh2 Bxh2 39. Rxf8+ Qxf8 40. Kxh2 Qf4+ 41. Kh1 Qc1+ 42. Kh2 Qxb1 43.
Qf2 Kg8 44. Qd4 Qe1 45. Qd5+ Kf8 46. Qxd6+ Kf7 47. Qxe5 Qe2 48. Qf4+ Ke6 49. Qf5+ Ke7 50. Qe5+ Kf7 51. Qf5+ Ke7 52. Qxh7 Qe3 53. Qxg7+ Ke6 54.
Qg4+ Ke7 55. Qh4+ Ke6 56. Qg4+ Ke7 57. h4 Qh6 58. Qg5+ Qxg5 59. hxg5 Kf7 60. Kg3 Kg6 61. Kf4 a5 62. g4 a4 63. Ke5 Kxg5 64. Kd6 Kxg4 65.
e5 Kf4 66. e6 Ke3 67. e7 Kd2 68. e8=Q Kc2 69. Qxb5 Kb1 70. c4 Ka2 71. c5 Ka1 72. c6 Kb1 73. c7 Ka1 74. c8=Q Ka2 75. Qcc4+ Ka1 76. Qf1+ Ka2 77. Qbc4+ Kxb2 78. Qfe2+ Ka1 79.
Qc1# 1-0

[Event "*** SCC Grand Prix: Titled Tuesday Blitz"]
[Site "Chess.com"]
[Date "2020.07.07"]
[Round "6"]
[White "dalmatinac101"]
[Black "SahajGrover"]
[Result "1/2-1/2"]
[WhiteElo "2806"]
[BlackElo "2669"]
[TimeControl "180+1"]
[EndTime "11:08:20 PDT"]
[Termination "Game drawn - insufficient material"]

1. e4 e6 2. d4 d5 3. Nc3 Bb4 4.
e5 c5 5. a3 Bxc3+ 6. bxc3 Ne7 7. Qg4 cxd4 8. Qxg7 Rg8 9. Qxh7 Qc7 10. Ne2 Nbc6 11. f4 dxc3 12. Qd3 d4 13. Nxd4 Nxd4 14. Qxd4 Bd7 15. Qf2 Qc6 16. Rb1 Nf5 17. Rg1 Qd5 18.
Bd3 Bc6 19. g4 Nd4 20. Rg3 Qh1+ 21. Bf1 O-O-O 22. Be3 Nf3+ 23. Rxf3 Bxf3 24. h3 Rd5 25. Qg1 Qxg1 26. Bxg1 Rd2 27. Bd3 Rh8 28. Rb3 Rd1+ 29. Kf2 Rxh3 30. Bf1 Rd2+ 31. Ke1 Rd1+ 32. Kf2 Rd2+ 33.
Ke1 Bg2 34. Rxc3+ Rxc3 35. Kxd2 Rg3 36. Be2 Bf3 37. Bf2 Rg2 38. Bxf3 Rxf2+ 39. Ke3 Rxc2 40. g5 Rc3+ 41. Ke4 Rxa3 42. Bh5 Kd7 43. Bxf7 Ke7 44. g6 b5 45. Bxe6 Kxe6 46. f5+ Ke7 47. Kf4 Ra1 48.
Kg5 Rg1+ 49. Kh6 b4 50. Kg7 b3 51. f6+ Kd7 52. f7 Rf1 53. f8=Q Rxf8 54. Kxf8 b2 55. e6+ Kd6 56. e7 b1=Q 57. e8=Q Qf5+ 58.
Qf7 Qc8+ 59. Kg7 a5 60. Kh7 a4 61. g7 Qh3+ 62. Kg8 a3 63. Qf8+ Kd5 64. Qf7+ Kd6 65.
Qf6+ Kd5 66. Qd8+ Kc4 67. Qc7+ Kb3 68. Kf8 Qf3+ 69. Qf7+ Qxf7+ 70. Kxf7 a2 71. g8=Q a1=Q 72. Kf8+ Kc2 73. Qf7 Qa3+ 74. Qe7 Qxe7+ 75. Kxe7 1/2-1/2

[Event "*** SCC Grand Prix: Titled Tuesday Blitz"]
[Site "Chess.com"]
[Date "2020.07.07"]
[Round "6"]
[White "sergiochess83"]
[Black "bgfbfbgfbgfgf"]
[Result "1/2-1/2"]
[WhiteElo "2829"]
[BlackElo "2640"]
[TimeControl "180+1"]
[EndTime "11:08:25 PDT"]
[Termination "Game drawn by repetition"]

1. e4 e5 2. Nf3 Nc6 3. Bb5 a6 4. Ba4 Nf6 5. O-O Be7 6. d3 d6 7. c3 O-O 8. Re1 Re8 9. Nbd2 Bf8 10. Nf1 b5 11. Bb3 Bb7 12. Ng3 Na5 13. Bc2 c5 14. d4 h6 15. d5 Nc4 16. b3 Nb6 17. a4 g6 18. Qe2 Qd7 19. a5 Nc8 20.
b4 c4 21. h3 Bg7 22. Nh2 Ne7 23. Ng4 Nxg4 24. hxg4 Bc8 25. f3 f6 26. Be3 Kf7 27. Kf2 Rh8 28. Rh1 Bb7 29. Rh2 Rh7 30. Rah1 Rah8 31.
Qd2 Ng8 32. Ke1 Bc8 33. Kd1 Ke8 34. Kc1 Kd8 35. Bb6+ Ke8 36. Kb2 Bf8 37. Be3 Qf7 38.
Qf2 Qe7 39. Bd2 Qa7 40. Be3 Qd7 41. Rh4 Bg7 42. Ne2 Qe7 43. Bd2 Bf8 44. Qg3 Qg7 45. R4h2 Be7 46. f4 Bd8 47. Qf3 Ne7 48. f5 g5 49. Ng3 Ng8 50. Be3 Qf7 51. Bd1 Kd7 52.
Qf2 Ke8 53. Be2 Qb7 54. Nf1 Bd7 55. Nd2 Kf7 56. Rh5 Be7 57. Qf1 Bd8 58. R5h3 Be7 59.
Bb6 Bf8 60. Nxc4 bxc4 61. Bxc4 Bc8 62. Kb3 Kg7 63. b5 axb5 64. Bxb5 Ne7 65. Qc4 Qb8 66.
Rb1 h5 67. Bc7 Qb7 68. Bxd6 hxg4 69. Rxh7+ Rxh7 70. Ka4 Rh2 71. Rb2 Rh1 72. a6 Ra1+ 73.
Ra2 Rxa2+ 74. Qxa2 Qb6 75. Bxe7 Bxe7 76. Qc4 Qd6 77. Ka5 Bd8+ 78. Ka4 Be7 79. Ka5 Bd8+ 80.
Ka4 Be7 1/2-1/2

[Event "*** SCC Grand Prix: Titled Tuesday Blitz"]
[Site "Chess.com"]
[Date "2020.07.07"]
[Round "6"]
[White "KNCP_719"]
[Black "Timerkhanov"]
[Result "1/2-1/2"]
[WhiteElo "2480"]
[BlackElo "2621"]
[TimeControl "180+1"]
[EndTime "11:08:28 PDT"]
[Termination "Game drawn - insufficient material"]

1. d4 d5 2. Nf3 Nf6 3. e3 Bf5 4. Bd3 Bg6 5. O-O Nbd7 6. c4 e6 7. Qc2 c6 8. Nbd2 Bd6 9. e4 dxe4 10. Nxe4 Nxe4 11. Bxe4 Nf6 12. Bd3 Bc7 13. Re1 Bh5 14.
Be3 Bxf3 15. gxf3 Qd6 16. f4 g6 17. d5 cxd5 18. cxd5 Nxd5 19. Bb5+ Kd8 20. Red1 Rc8 21.
Rac1 g5 22. Bd4 Qxf4 23. Bxh8 Qxh2+ 24. Kf1 Ke7 25. Qe4 Bb6 26. Bd4 Bxd4 27. Qxd4 Qh1+ 28. Ke2 Qh5+ 29. Kd2 Rd8 30. Qc5+ Kf6 31. Kc2 a6 32.
Bd3 Nf4 33. Qc3+ e5 34. Kb1 Nxd3 35. Rxd3 Qg6 36. Rd1 h5 37. Qc2 Rxd3 38. Qxd3 h4 39. Qxg6+ Kxg6 40. Kc2 g4 41. Kd2 Kg5 42. Ke2 f5 43.
Kf1 h3 44. Kg1 f4 45. Rd5 Kf5 46. b4 g3 47. fxg3 fxg3 48. Rd7 e4 49. Rxb7 e3 50.
Rf7+ Kg4 51. Rg7+ Kf3 52. Rf7+ Ke4 53. a4 h2+ 54. Kg2 e2 55. Re7+ Kd3 56. b5 axb5 57. axb5 Kd2 58. Rd7+ Kc2 59. Re7 Kd1 60. b6 e1=Q 61.
Rxe1+ Kxe1 62. b7 h1=Q+ 63. Kxh1 Kf2 64. b8=Q g2+ 65. Kh2 g1=Q+ 66. Kh3 Qh1+ 67. Kg4 Qf3+ 68. Kg5 Qg2+ 69. Kf6 Qf3+ 70. Ke6 Qc6+ 71. Qd6 Qe4+ 72. Qe5 Qc4+ 73. Qd5 Qc8+ 74. Qd7 Qc3 75. Qf7+ Ke2 76.
Qf6 Qc6+ 77. Kf7 Qd7+ 78. Qe7+ Qxe7+ 79. Kxe7 1/2-1/2

[Event "*** SCC Grand Prix: Titled Tuesday Blitz"]
[Site "Chess.com"]
[Date "2020.07.07"]
[Round "6"]
[White "AlexOstrovskiy"]
[Black "djano"]
[Result "0-1"]
[WhiteElo "2639"]
[BlackElo "2465"]
[TimeControl "180+1"]
[EndTime "11:08:38 PDT"]
[Termination "djano won on time"]

1. d4 d5 2. Bf4 h5 3. Nf3 g6 4. c4 c6 5. Nc3 Bg7 6. cxd5 cxd5 7. Qb3 Nf6 8. e3 O-O 9. Be2 Nc6 10. O-O Na5 11.
Qd1 Bf5 12. Ne5 Rc8 13. Rc1 a6 14. h3 b5 15. Bf3 Ne4 16. g4 hxg4 17. hxg4 Nxc3 18.
bxc3 Be4 19. Be2 f6 20. Nd3 g5 21. Bg3 Nc4 22. Nc5 Rxc5 23. dxc5 e5 24. a4 Nb2 25.
Qb3 Nxa4 26. f3 Bg6 27. Rfd1 Bf7 28. Qb4 Qe7 29. c6 Qc7 30. e4 dxe4 31. c4 exf3 32. Bxf3 Qb6+ 33. Bf2 Qc7 34. cxb5 axb5 35. Qxb5 e4 36. Bxe4 f5 37. Bxf5 Nc3 38. Rxc3 Bxc3 39. Rd7 Qf4 40. Qd3 Be5 41. c7 Qh2+ 42. Kf1 Qh1+ 43.
Ke2 Qc6 44. Rxf7 Kxf7 45. Qd7+ Qxd7 46. Bxd7 Bxc7 47. Bf5 Kg7 48. Kf3 Kf7 49. Bd4 Bf4 50.
Ke4 Re8+ 51. Kf3 Rd8 52. Be3 Bxe3 53. Kxe3 Kf6 54. Ke4 Rb8 55. Kd5 Rb4 56. Bd7 Rf4 57. Bc8 Rf1 58. Kd4 Re1 59. Kd3 Re7 60. Kd4 Re8 61.
Bf5 Rd8+ 62. Ke4 Rb8 63. Kd4 Rb4+ 64. Kd5 Rf4 65. Bc8 Rf1 66. Kd4 Rd1+ 67. Ke4 Rc1 68.
Bf5 Rc4+ 69. Kd5 Rb4 70. Bc8 Ra4 71. Bf5 Ra5+ 72. Ke4 Kf7 73. Kd4 Ke7 74. Ke4 Kd6 75. Kd4 Ra4+ 76. Ke3 Ke5 77. Kf3 Ra3+ 78. Ke2 Kf4 79.
Kf2 Rf3+ 80. Ke2 Rg3 81. Kf2 Ra3 82. Ke2 Ra2+ 83. Kd3 Rg2 84. Bd7 Rxg4 85. Ke2 Rg2+ 86. Kf1 Rb2 87. Kg1 g4 88. Bc6 Kg3 89. Kf1 Rb1+ 90.
Ke2 Kh2 0-1

[Event "*** SCC Grand Prix: Titled Tuesday Blitz"]
[Site "Chess.com"]
[Date "2020.07.07"]
[Round "6"]
[White "GregShahade"]
[Black "Brave_spirit12"]
[Result "1/2-1/2"]
[WhiteElo "2670"]
[BlackElo "2479"]
[TimeControl "180+1"]
[EndTime "11:08:42 PDT"]
[Termination "Game drawn by repetition"]

1. e4 e6 2. d4 d5 3. Nd2 c5 4. exd5 exd5 5. Ngf3 Nc6 6. Bb5 Bd6 7. dxc5 Bxc5 8. O-O Ne7 9. Nb3 Bd6 10. Re1 O-O 11.
Bg5 f6 12. Bh4 Bg4 13. Bg3 Ne5 14. Be2 Bxf3 15. Bxf3 Nxf3+ 16. Qxf3 Bxg3 17. hxg3 Qc7 18. Rad1 Rad8 19. Nd4 Ng6 20. Ne6 Qxc2 21. Nxd8 Rxd8 22. Rxd5 Rf8 23. Qb3 Qxb3 24. axb3 Ne5 25. f4 Ng4 26. Rd7 Rc8 27. Rxb7 h5 28. Rxa7 Rc2 29. b4 Rxb2 30. Rb7 Rb3 31. b5 Rxg3 32. b6 Rb3 33. Rb8+ Kh7 34.
f5 Kh6 35. Kf1 Kg5 36. Re7 Rb1+ 37. Ke2 Rb2+ 38. Ke1 Ne5 39. b7 Nd3+ 40. Kf1 Nc5 41. Rc8 Rxb7 42. Rxb7 Nxb7 43. Rc7 Nd6 44. Rxg7+ Kxf5 45. Ra7 Ne4 46. Ra5+ Kg6 47. Ke2 Ng5 48. Ke3 h4 49. Kf2 Kh5 50. Rf5 Kg6 51. Rc5 Kh5 52. Rb5 Kg6 53. Kg1 f5 54. Kf2 Kf6 55. Ra5 Kg6 56. Ke3 h3 57. g3 Ne4 58. Kf3 h2 59.
Ra1 Kg5 60. Rh1 Nd2+ 61. Kg2 f4 62. Kxh2 fxg3+ 63. Kxg3 Ne4+ 64. Kf3 Nf6 65. Rb1 Kf5 66.
Rb5+ Ke6 67. Kf4 Nd5+ 68. Kf3 Nf6 69. Ra5 Nd5 70. Ke4 Nf6+ 71. Kd4 Nd7 72. Ra6+ Kf5 73. Ra5+ Ke6 74. Rb5 Nf6 75. Re5+ Kd6 76. Re1 Nd7 77. Rh1 Nf6 78. Rh6 Ke6 79. Rg6 Kf5 80. Rg1 Ke6 81. Rf1 Nd7 82. Ke4 Nf6+ 83. Kd4 Nd7 84.
Re1+ Kd6 85. Rb1 Ke6 86. Rb7 Kd6 87. Ra7 Ke6 88. Ra6+ Kf5 89. Rd6 Nf6 90. Rc6 Ne4 91. Rc8 Nf6 92. Rb8 Ke6 93. Rb6+ Kf5 94. Ra6 Nd7 1/2-1/2

[Event "*** SCC Grand Prix: Titled Tuesday Blitz"]
[Site "Chess.com"]
[Date "2020.07.07"]
[Round "6"]
[White "coalescenet"]
[Black "OhanyanEminChess"]
[Result "1/2-1/2"]
[WhiteElo "2396"]
[BlackElo "2516"]
[TimeControl "180+1"]
[EndTime "11:08:46 PDT"]
[Termination "Game drawn by stalemate"]

1. d4 Nf6 2. c4 c5 3. d5 b5 4. cxb5 a6 5. bxa6 g6 6. Nc3 Bg7 7. e4 O-O 8. Nf3 d6 9. Be2 Qa5 10. O-O Bxa6 11. Bd2 Nbd7 12. h3 Rfb8 13. b3 Ne8 14.
Qc2 Nc7 15. a4 Qb6 16. Rab1 Bxe2 17. Nxe2 Na6 18. Nc3 Nb4 19. Qd1 Qa6 20. Nb5 Qa5 21. Qe2 Ne5 22. Rfc1 Nxf3+ 23. Qxf3 Rc8 24. Rc4 Qa6 25. Bxb4 cxb4 26. Rxb4 Rc2 27. Rc4 Rxc4 28. bxc4 Qxa4 29. Qb3 Qa5 30. g3 Qd2 31. Qd1 Qa2 32. Rc1 Rc8 33. Qd3 Qb2 34. Rc2 Qb1+ 35. Kg2 Bf6 36. Qe2 Qb4 37. Na7 Rc7 38. Nc6 Qc5 39. Kf3 h5 40. h4 Kg7 41. Qe3 Rxc6 42. dxc6 Qxc6 43. Qd3 Be5 44. Kg2 Qa4 45. f4 Bf6 46. c5 Bd4 47. c6 Bc5 48. c7 Qc6 49. Qd5 Qxc7 50. e5 Qa5 51. Ra2 Qe1 52. Qd2 Qg1+ 53. Kf3 Qf1+ 54. Ke4 Qh1+ 55. Qg2 Qb1+ 56. Qc2 Qe1+ 57.
Kd5 Qf1 58. exd6 exd6 59. Qb2+ Kh7 60. Kc6 Qd3 61. Kd7 Qe4 62. Qf6 Qb7+ 63. Ke8 Qc8+ 64. Ke7 Qb7+ 65. Ke8 Qc6+ 66. Kxf7 Qd5+ 67. Qe6 Qb7+ 68.
Qe7 Qxe7+ 69. Kxe7 d5+ 70. Ke6 d4 71. Kd5 Bb4 72.
Kxd4 Be1 73. Rg2 Kg7 74. Ke5 Bc3+ 75. Ke4 Kf6 76. Kf3 Be1 77. Re2 Ba5 78. Ra2 Bc3 79. Ra6+ Kf5 80. Ra8 Kf6 81. Re8 Kf7 82. Re3 Bd4 83.
Rd3 Bc5 84. Rd5 Be7 85. Rb5 Kf6 86. Ke4 Ba3 87. f5 gxf5+ 88. Rxf5+ Kg6 89. Rg5+ Kh6 90. Kf5 Bc1 91. Rg8 Kh7 92. Rc8 Kg7 93. Rxc1 Kh6 94.
Rc7 1/2-1/2

[Event "*** SCC Grand Prix: Titled Tuesday Blitz"]
[Site "Chess.com"]
[Date "2020.07.07"]
[Round "6"]
[White "malandragem"]
[Black "yuliagok"]
[Result "1-0"]
[WhiteElo "2386"]
[BlackElo "2116"]
[TimeControl "180+1"]
[EndTime "11:08:53 PDT"]
[Termination "malandragem won on time"]

1. a3 Nf6 2. Nf3 d5 3. g3 Bg4 4. Bg2 c6 5. O-O Nbd7 6. d3 e5 7. Nbd2 Bd6 8. h3 Bxf3 9. Bxf3 O-O 10. e4 Qc7 11. Bg2 a5 12. Qe2 a4 13. c3 Rfe8 14.
Nf3 dxe4 15. dxe4 Nc5 16. Nh4 Nb3 17. Rb1 Nxc1 18. Rbxc1 b5 19. Kh1 Qb6 20. Nf5 Bf8 21. Rcd1 Red8 22. Qf3 c5 23. Ne3 b4 24. cxb4 cxb4 25.
Nd5 Nxd5 26. exd5 bxa3 27. bxa3 Qb3 28. Rd3 Qc4 29. Qe3 Bd6 30. Rc1 Qa2 31. Rc6 Rac8 32. Be4 g6 33. g4 Qa1+ 34. Kg2 Rb8 35. Rc1 Qb2 36. Rdc3 Rb3 37. Rxb3 Qxb3 38. Rc3 Qd1 39. Bf3 Qd4 40. Qxd4 exd4 41. Rc4 Bxa3 42. Rxd4 Bb2 43. Rxa4 Kg7 44. Ra6 Be5 45. Be4 Rd6 46. Ra8 h5 47.
Kf3 hxg4+ 48. hxg4 f5 49. gxf5 gxf5 50. Bxf5 Rxd5 51.
Ke4 Rb5 52. f4 Bd6 53. Be6 Rb4+ 54. Kd5 Bxf4 55. Ra7+ Kf6 56. Rf7+ Kg5 57. Bd7 Be3 58. Rf5+ Kg6 59. Rf3 Rd4+ 60. Ke6 Rd3 61. Be8+ Kg5 62. Rf5+ Kg4 63. Bh5+ Kh4 64. Be2 Ra3 65. Rf7 Rb3 66.
Rg7 Rb6+ 67. Kd5 Rf6 68. Ke4 Bg5 69. Bb5 Rf2 70. Bd7 Rf4+ 71. Ke3 Rb4+ 72. Ke2 Rb2+ 73.
Kf1 Rb1+ 74. Kg2 Rb2+ 75. Kf3 Rb3+ 76. Ke4 Rb4+ 77. Kf5 1-0

[Event "*** SCC Grand Prix: Titled Tuesday Blitz"]
[Site "Chess.com"]
[Date "2020.07.07"]
[Round "6"]
[White "angryhorse9"]
[Black "poppy73"]
[Result "1-0"]
[WhiteElo "2404"]
[BlackElo "2217"]
[TimeControl "180+1"]
[EndTime "11:08:55 PDT"]
[Termination "angryhorse9 won on time"]

1. e4 c5 2. Nf3 d6 3. Bb5+ Nd7 4. d4 a6 5. Bxd7+ Bxd7 6. dxc5 Qa5+ 7. Nc3 Qxc5 8. O-O Nf6 9. Be3 Qc7 10. Bd4 e5 11.
Be3 Bc6 12. Nd2 d5 13. exd5 Nxd5 14. Nxd5 Bxd5 15. Re1 Be7 16. Qg4 O-O 17. Bh6 Bf6 18.
c4 Be6 19. Qg3 Bf5 20. Ne4 Bxe4 21. Rxe4 Kh8 22. Qf3 Qc6 23. Bd2 Rad8 24. Bc3 Rfe8 25. Rae1 Qc7 26. Qf5 Re6 27. h3 Rde8 28. Qf3 g6 29. b3 Bg7 30. R4e2 f5 31. Qe3 e4 32. Bxg7+ Qxg7 33. Rd1 Qe5 34. Rd5 Qa1+ 35. Kh2 Qf6 36. Qf4 Re5 37. Rxe5 Qxe5 38. Qxe5+ Rxe5 39. Rd2 Re7 40. Kg3 g5 41. h4 h6 42. hxg5 hxg5 43. f3 e3 44. Re2 f4+ 45. Kg4 Re5 46. g3 fxg3 47. Kxg3 Kg7 48. f4 Re7 49. fxg5 Kg6 50.
Kf4 Rf7+ 51. Kxe3 Kxg5 52. Kd4 Rd7+ 53. Kc5 Kf5 54. Kb6 Kf6 55. c5 Kf5 56. a4 Kf6 57. b4 Rd4 58. Rb2 Rd7 59. c6 bxc6 60. Kxc6 Re7 61.
Kb6 Re6+ 62. Kb7 Ke7 63. Rc2 Kd7 64. Rc7+ Kd8 65. Rc6 Re4 66. Rb6 a5 67. bxa5 Rxa4 68. a6 Rd4 69. a7 Rd7+ 70. Ka6 1-0

[Event "*** SCC Grand Prix: Titled Tuesday Blitz"]
[Site "Chess.com"]
[Date "2020.07.07"]
[Round "6"]
[White "Andrei_Belozerov"]
[Black "chegueps"]
[Result "0-1"]
[WhiteElo "2563"]
[BlackElo "2423"]
[TimeControl "180+1"]
[EndTime "11:08:57 PDT"]
[Termination "chegueps won by resignation"]

1. e4 e6 2. d4 d5 3. Nd2 c5 4.
exd5 Qxd5 5. Ngf3 cxd4 6. Bc4 Qd6 7. O-O Nf6 8. Nb3 Nc6 9. Nbxd4 Nxd4 10. Nxd4 Be7 11.
Bg5 O-O 12. Bb3 Qc5 13. Nf3 b6 14. Qd4 Bb7 15. Qxc5 Bxc5 16. Rfd1 Ne4 17. Be3 Bxe3 18. fxe3 Rfd8 19. Rd4 Kf8 20. Rad1 Ke7 21. Ne5 Nd6 22. c3 f6 23. Nc4 Ne4 24. Nd2 Nc5 25. Nf3 a5 26. Bc2 g6 27. Kf2 Rdc8 28. h4 e5 29. R4d2 Rc7 30. h5 Be4 31. hxg6 hxg6 32. Ke2 Rh8 33. Bxe4 Nxe4 34. Rd5 Rc5 35. Rxc5 Nxc5 36. Nd2 Rh2 37. Kf3 Rh4 38. e4 Rf4+ 39. Ke3 Rg4 40. Kf3 f5 41. Re1 Rf4+ 42. Kg3 Nxe4+ 43. Nxe4 fxe4 44. Rd1 Ke6 45. b3 e3 46. Re1 Rf2 47.
a3 Rb2 48. b4 e2 49. Kf3 Rb3 50. bxa5 Rxc3+ 51. Kxe2 bxa5 52. a4 Ra3 53. Rb1 Rxa4 54.
Ke3 Ra3+ 55. Ke4 Ra4+ 56. Ke3 Rb4 57. Rc1 g5 58. Rc8 a4 59. Ra8 Kd5 60. Ra5+ Kd6 61. Kd3 Rg4 62. Ke3 Rb4 63. Kd3 Rb3+ 64. Ke4 a3 65. g4 Rb4+ 66. Kf5 Rb3 67. Ke4 Rg3 68. Kf5 e4 69. Kxe4 Rxg4+ 70. Kf5 Rg3 71. Ke4 Kc6 72. Kd4 Kb6 73. Ra8 Kb5 74. Rb8+ Ka4 75. Kc4 Rg4+ 76. Kc3 Rg3+ 77. Kc4 Ka5 78. Ra8+ Kb6 79.
Rb8+ Kc6 80. Ra8 Kd6 81. Kd4 Rg4+ 82. Ke3 Rg3+ 83. Ke4 Kc5 84. Rc8+ Kb4 85. Kd4 Kb3 86. Rb8+ Ka2 87. Kc4 Ka1 88. Rb3 Rxb3 89. Kxb3 a2 90. Kc2 g4 91. Kc1 g3 92. Kc2 g2 0-1

[Event "*** SCC Grand Prix: Titled Tuesday Blitz"]
[Site "Chess.com"]
[Date "2020.07.07"]
[Round "6"]
[White "Lenyas66"]
[Black "InitiatingASC"]
[Result "0-1"]
[WhiteElo "2472"]
[BlackElo "2344"]
[TimeControl "180+1"]
[EndTime "11:08:58 PDT"]
[Termination "InitiatingASC won on time"]

1. e4 c5 2. Nf3 Nc6 3. Bb5 Nf6 4. Nc3 g6 5. e5 Ng4 6. Bxc6 dxc6 7. h3 Nh6 8. O-O Nf5 9. Ne4 b6 10. Re1 Bg7 11.
Nf6+ Kf8 12. Ne4 Nd4 13. Nxd4 Qxd4 14. c3 Qxe5 15. b3 Bf5 16. Qf3 Bxe4 17. Rxe4 Qd6 18. d4 cxd4 19. cxd4 f5 20. Re2 Kf7 21. Bb2 Rhe8 22.
Rae1 Rad8 23. Re6 Qd5 24. Qe3 Rd7 25. h4 c5 26. h5 cxd4 27. Qg3 Qxe6 28. Rxe6 Kxe6 29.
hxg6 h6 30. Qd3 Rc8 31. g4 Rc5 32. f4 Kf6 33. Bxd4+ Kxg6 34. gxf5+ Kf7 35. f6 Rxd4 36. Qxd4 Bxf6 37. Qe4 h5 38. Kg2 a5 39. Qh7+ Ke6 40.
Qg8+ Kd6 41. Kf3 Kc7 42. Qa8 h4 43. Kg4 Rc3 44. Qa7+ Kc6 45. Qa8+ Kb5 46. Qe8+ Ka6 47. Qa8+ Kb5 48. Qd5+ Kb4 49. Qe4+ Ka3 50. Qa4+ Kb2 51. b4 Ra3 52. Qc6 Kxa2 53. Qxb6 axb4 54. Qxb4 Rb3 55. Qc4 Kb2 56. Qe2+ Kc3 57. Qe1+ Kc4 58. Kf5 Rc3 59.
Qe2+ Kc5 60. Ke6 Kc6 61. Qa6+ Kc5 62. Qa5+ Kd4 63. Qb6+ Ke4 64. f5 Kf4 65. Qb8+ Kg4 66. Qg8+ Kh3 67. Qh7 Re3+ 68. Kd5 Rg3 69. Ke4 Kh2 70.
Kf4 h3 71. Qh5 Rg2 72. Qf3 Rg1 73. Qf2+ Rg2 74. Qf1 Bg5+ 75. Kf3 Bf6 76. Qe1 Rg1 77. Qf2+ Rg2 78. Qf1 Rg1 79. Qe2+ Rg2 80. Qd1 Rg1 81. Qd2+ Rg2 82. Qc1 Rg3+ 83. Kf2 Bd4+ 84. Ke2 Bf6 85.
Kf2 Rg2+ 86. Kf3 Bg5 87. Qc7+ Kh1 88. Qe5 h2 89. Qe1+ Rg1 90. Qe2 Bf6 91. Qf2 Bg5 92. Qc2 Bf6 93. Qe2 Bg5 94. Ke4 Bf6 95. Qf3+ Rg2 0-1